 Dungeon Sprint DCSS version 0.25-a0-435-g4b9beb1024 (webtiles) character file.

Game seed: 27160428173259774, levelgen mode: deterministic

5754 Baz the Imperceptible (level 10, -7/44 HPs)
             Began as a Spriggan Enchanter on Jan 29, 2020.
             Was a High Priest of Okawaru.
             Mangled by a 12-headed hydra (14 damage)
             ... in the Dungeon (Sprint I: "Red Sonja").
             The game lasted 00:07:01 (1328 turns).

Baz the Imperceptible (Spriggan Enchanter)          Turns: 1328, Time: 00:07:02

Health: -7/44      AC:  2    Str:  4    XL:     10   Next: 49%
Magic:  24/27      EV: 18    Int: 22    God:    Okawaru [*****.]
Gold:   552        SH:  0    Dex: 20    Spells: 21/33 levels left

rFire    . . .     SeeInvis +   l - +2 short sword (distort)
rCold    . . .     Gourm    .   (shield restricted)
rNeg     . . .     Faith    .   b - +0 robe
rPois    .         Spirit   .   (helmet restricted)
rElec    .         Reflect  .   q - scarf {repulsion}
rCorr    .         Harm     .   (gloves unavailable)
MR       +....     NoTele   +   (boots unavailable)
Stlth    +++++++++.             (no amulet)
HPRegen  0.14/turn              c - +5 ring of intelligence
MPRegen  0.20/turn              (no ring)

@: confusing touch, repel missiles, very quick
A: very small, unfitting armour, see invisible, herbivore, speed 3, slow
metabolism 2
a: Heroism, Finesse, Renounce Religion


You were in the Dungeon.
You worshipped Okawaru.
Okawaru was extremely pleased with you.
You were not hungry.

You visited 1 branch You collected 802 gold pieces.
You spent 250 gold pieces at shops.

Inventory:

Hand Weapons
 a - a +1 dagger
 l - a +2 short sword of distortion (weapon)
Armour
 b - a +0 robe (worn)
 q - a scarf of repulsion (worn)
Jewellery
 c - a +5 ring of intelligence (left hand)
Wands
 i - a wand of digging (6)
Scrolls
 j - 2 scrolls of blinking
 m - a scroll of random uselessness {unknown}
 n - a scroll of identify {unknown}
 o - a scroll of enchant armour {unknown}
 p - a scroll of remove curse {unknown}
Potions
 e - a potion of curing
 f - a potion of heal wounds
 g - 2 potions of haste
 h - 2 potions of magic
 k - a potion of agility {unknown}
Comestibles
 d - 2 rations


   Skills:
 + Level 11.0 Short Blades
 - Level 3.0 Dodging
 * Level 23.6 Stealth
 + Level 12.1 Spellcasting
 + Level 14.2 Hexes


You had 21 spell levels left.
You knew the following spells:

 Your Spells              Type           Power        Failure   Level  Hunger
a - Corona                Hex            ######.      0%          1    None
b - Ensorcelled Hibernat  Hex/Ice        #####.       1%          2    None
c - Confusing Touch       Hex            ######..     1%          3    None
d - Dazzling Flash        Conj/Hex       #####.       1%          3    None
e - Tukima's Dance        Hex            ######..     1%          3    None

Your spell library contained the following spells:

 Spells                   Type           Power        Failure   Level  Hunger


Dungeon Overview and Level Annotations

Branches:
Dungeon (1/1)

Altars:
Cheibriados
Dithmenos
Elyvilon
Fedhas
Gozag
Hepliaklqana
Kikubaaqudgha
Makhleb
Nemelex Xobeh
Okawaru
Qazlal
Ru
Sif Muna
Trog
Uskayaw
Vehumet
Wu Jian
Xom
Yredelemnul
Zin
The Shining One
Jiyva
Lugonu

Shops:
D *[


Innate Abilities, Weirdness & Mutations

You are very small and have problems with some larger weapons.
You are too small for most types of armour.
You have supernaturally acute eyesight. (SInv)
You are a herbivore.
You cover ground extremely quickly.
You need to consume almost no food.


Message History

Magic restored.
Press: ? - help, v - describe, . - travel A rock wall.
This square is lit by a halo.
You see here a hog corpse.
You open the door.
A hydra and a floating eye come into view.
Found 54 gold pieces.
You see here a hog corpse.
Casting: Ensorcelled Hibernation (safe; 1% risk of failure)
Confirm with . or Enter, or press ? or * to list all spells.
Your hands begin to glow red.
You hit the 12-headed hydra but do no damage.
The 12-headed hydra barely misses you. The 12-headed hydra bites you.
The 12-headed hydra bites you! The 12-headed hydra bites you.
The 12-headed hydra completely misses you.
The 12-headed hydra bites you!
* * * LOW HITPOINT WARNING * * *
The 12-headed hydra bites you!
You die...

########################
.')..#..#§§§†§.§§§§.§§$#
.#...##'#.####.§@D§##$G+
##...'..#§# ##§§§## ##
#####.§§§# ###+# #+####
#.....# #.^○○°+ #
###°9.# ### °°.# #.##
.○##


You could see a 12-headed hydra.

Vanquished Creatures
  Sonja (D)
  A deep troll (D)
  A lindwurm (D)
  A gargoyle (D)
  2 kobold demonologists (D)
  4 demonic crawlers (D)
  A slime creature (D)
  Sigmund (D)
  A yak (D)
  12 hogs (D)
  A floating eye (D)
  An ogre (D)
  A jelly (D)
  Ijyb (D)
29 creatures vanquished.

Vanquished Creatures (others)
  A gargoyle (D)
  A hog (D)
2 creatures vanquished.

Grand Total: 31 creatures vanquished

Notes
Turn   | Place    | Note
-------+----------+-------------------------------------------
     0 | D        | Baz the Spriggan Enchanter began the quest for the Orb.
     0 | D        | Reached XP level 1. HP: 9/9 MP: 5/5
     2 | D        | Noticed Ijyb
     9 | D        | Killed Ijyb
     9 | D        | Reached skill level 10 in Stealth
     9 | D        | Reached XP level 2. HP: 13/13 MP: 6/6
    56 | D        | Noticed an ogre
    61 | D        | Learned a level 2 spell: Ensorcelled Hibernation
    64 | D        | Killed an ogre
    64 | D        | Reached skill level 14 in Stealth
    64 | D        | Reached XP level 3. HP: 16/16 MP: 8/8
    64 | D        | Reached XP level 4. HP: 21/21 MP: 9/9
    73 | D        | Noticed Sigmund
    76 | D        | Killed Sigmund
    76 | D        | Reached skill level 17 in Stealth
    76 | D        | Reached XP level 5. HP: 24/24 MP: 10/10
    81 | D        | Learned a level 3 spell: Confusing Touch
    85 | D        | Learned a level 3 spell: Dazzling Flash
    96 | D        | Found a shimmering blue altar of Sif Muna.
    97 | D        | Found an ornate altar of the Wu Jian Council.
    98 | D        | Found a radiant altar of Vehumet.
   102 | D        | Reached XP level 6. HP: 28/28 MP: 11/11
   128 | D        | Found Nuqec's Assorted Antiques.
   128 | D        | Found an ancient bone altar of Kikubaaqudgha.
   128 | D        | Found a hazy altar of Hepliaklqana.
   128 | D        | Found a stormy altar of Qazlal.
   128 | D        | Found a hide-covered altar of Uskayaw.
   128 | D        | Found a blossoming altar of Fedhas.
   128 | D        | Found a bloodstained altar of Trog.
   128 | D        | Found an iron altar of Okawaru.
   128 | D        | Found a basalt altar of Yredelemnul.
   128 | D        | Found a glowing golden altar of the Shining One.
   128 | D        | Found a snail-covered altar of Cheibriados.
   128 | D        | Found a sacrificial altar of Ru.
   128 | D        | Found a glowing silver altar of Zin.
   128 | D        | Found a shadowy altar of Dithmenos.
   128 | D        | Found a white marble altar of Elyvilon.
   128 | D        | Noticed a yak
   129 | D        | Found an opulent altar of Gozag.
   271 | D        | Killed a gargoyle
   307 | D        | Killed a yak
   307 | D        | Reached skill level 18 in Stealth
   352 | D        | Found a sparkling altar of Nemelex Xobeh.
   372 | D        | Became a worshipper of Warmaster Okawaru
   376 | D        | Bought a scroll of blinking for 150 gold pieces
   376 | D        | Bought an iron ring for 100 gold pieces
   383 | D        | Noticed Sonja
   387 | D        | Killed Sonja
   387 | D        | Reached * piety under Okawaru
   387 | D        | Reached skill level 19 in Stealth
   387 | D        | Reached skill level 10 in Hexes
   387 | D        | Reached XP level 7. HP: 32/32 MP: 14/18
   417 | D        | Noticed a deep troll
   421 | D        | Killed a deep troll
   421 | D        | Reached ** piety under Okawaru
   421 | D        | Reached XP level 8. HP: 36/36 MP: 19/21
   447 | D        | Found Jenat's Armour Emporium.
   472 | D        | Found a burning altar of Makhleb.
   472 | D        | Found a viscous altar of Jiyva.
   472 | D        | Found a shimmering altar of Xom.
   472 | D        | Found a corrupted altar of Lugonu.
   472 | D        | Noticed a slime creature
   475 | D        | Killed a slime creature
   475 | D        | Reached skill level 20 in Stealth
   488 | D        | Noticed a kobold demonologist
   489 | D        | Noticed a kobold demonologist
   501 | D        | Killed a kobold demonologist
   501 | D        | Reached *** piety under Okawaru
   501 | D        | Reached XP level 9. HP: 29/39 MP: 18/23
   506 | D        | Killed a kobold demonologist
   606 | D        | Noticed a demonic crawler
   606 | D        | Noticed a demonic crawler
   606 | D        | Noticed a demonic crawler
   606 | D        | Noticed a demonic crawler
   608 | D        | Killed a demonic crawler
   608 | D        | Reached **** piety under Okawaru
   608 | D        | Reached skill level 21 in Stealth
   608 | D        | Reached skill level 10 in Spellcasting
   609 | D        | Killed a demonic crawler
   611 | D        | Killed a demonic crawler
  1047 | D        | Killed a demonic crawler
  1066 | D        | Learned a level 3 spell: Tukima's Dance
  1076 | D        | Noticed a lindwurm
  1078 | D        | Killed a lindwurm
  1078 | D        | Reached ***** piety under Okawaru
  1078 | D        | Reached skill level 22 in Stealth
  1099 | D        | Noticed a gargoyle
  1110 | D        | Killed a gargoyle
  1110 | D        | Reached skill level 10 in Short Blades
  1110 | D        | Reached XP level 10. HP: 44/44 MP: 21/26
  1159 | D        | Reached skill level 23 in Stealth
  1165 | D        | Received a gift from Okawaru
  1323 | D        | Noticed a 12-headed hydra
  1328 | D        | Mangled by a 12-headed hydra

Levels and vault maps discovered:
D:        dungeon_sprint_1 [red_sonja_temple_1, red_sonja_temple_small_1]

Skill      XL: |  1  2  3  4  5  6  7  8  9 10 |
---------------+-------------------------------+-----
Stealth        | 10 14 17 19 20 22 23 | 23.6
Spellcasting   | 3 7 8 9 11 12 | 12.1
Hexes          | 4 10 11 12 13 14 | 14.2
Short Blades   | 6 7 8 10 11 | 11.0
Dodging        | |  3.0

Action                   |  1- 3 |  4- 6 |  7- 9 | 10-12 || total
-------------------------+-------+-------+-------+-------++-------
Melee: Dagger            |     6 |     5 |       |       ||    11
       Short sword       |       |       |    27 |    16 ||    43
 Cast: Ensorcelled Hiber |       |     4 |       |    14 ||    18
       Confusing Touch   |       |       |     4 |     1 ||     5
       Dazzling Flash    |       |       |     1 |       ||     1
  Use: Potion            |     1 |       |       |       ||     1
 Stab: Sleeping          |     1 |     4 |     6 |    12 ||    23
       Confused          |       |       |     3 |       ||     3
       Invisible         |       |       |     1 |       ||     1
Armor: Robe              |       |       |     4 |       ||     4
Dodge: Dodged            |     3 |     1 |    21 |    12 ||    37

Table legend:
 A = Non-vault XP
 B = Vault XP
 C = Vault XP percentage of total XP
 D = Non-vault monster count
 E = Vault monster count
 F = Vault count percentage of total count
                 A         B        C        D         E       F
            +---------+---------+-------+---------+---------+-------
      Total |       0 |    8220 | 100.0 |       0 |      30 | 100.0
            +---------+---------+-------+---------+---------+-------
          D |       0 |    8220 | 100.0 |       0 |      30 | 100.0
            +---------+---------+-------+---------+---------+-------
